 Dungeon Crawl Stone Soup version 0.22-a0-369-gc73351f94e (webtiles) character file.

98 Minion the Magician (level 4, -8/24 HPs)
             Began as a Deep Elf Wizard on Apr 24, 2018.
             Was a Believer of Cheibriados.
             Shot with an arrow by a centaur (11 damage)
             ... on level 3 of the Dungeon.
             The game lasted 00:05:38 (2086 turns).

Minion the Magician (Deep Elf Wizard)               Turns: 2086, Time: 00:05:38

Health: -8/24      AC:  3    Str:  8    XL:     4   Next: 43%
Magic:  15/22      EV: 10    Int: 28    God:    Cheibriados [**....]
Gold:   156        SH:  0    Dex: 17    Spells: 8/13 levels left

rFire    . . .     SeeInvis .   f - +4 dagger (venom)
rCold    . . .     Gourm    .   (no shield)
rNeg     . . .     Faith    .   a - +0 robe
rPois    .         Spirit   .   b - +1 hat
rElec    .         Reflect  .   (no cloak)
rCorr    .         Harm     .   (no gloves)
MR       .....                  (no boots)
Stlth    ++........             (no amulet)
HPRegen  0.08/turn              i - -3 ring of evasion (curse)
MPRegen  0.18/turn              e - ring of magical power

@: very slow
A: no striking features
a: Bend Time, Renounce Religion


You were on level 3 of the Dungeon.
You worshipped Cheibriados.
Cheibriados was pleased with you.
You were not hungry.

You visited 1 branch of the dungeon, and saw 3 of its levels.

You collected 156 gold pieces.

Inventory:

Hand Weapons
 f - a +4 dagger of venom (weapon)
Armour
 a - a +0 robe (worn)
 b - a +1 hat (worn)
Jewellery
 e - a ring of magical power (right hand)
 i - a cursed -3 ring of evasion (left hand)
Scrolls
 m - a scroll of magic mapping {unknown}
Potions
 c - a potion of berserk rage {unknown}
 g - 3 potions of curing
 h - 2 potions of magic {unknown}
 k - a potion of brilliance {unknown}
 l - 2 potions of invisibility {unknown}
 n - a potion of degeneration {unknown}
Comestibles
 d - 5 rations


   Skills:
 + Level 1.4 Short Blades
 + Level 3.1 Dodging
 - Level 2.4 Stealth
 + Level 5.3 Spellcasting
 + Level 2.5 Conjurations
   Level 1.1 Summonings
 - Level 1.1 Translocations
 + Level 1.4 Invocations


You had 8 spell levels left.
You knew the following spells:

 Your Spells              Type           Power        Failure   Level  Hunger
a - Magic Dart            Conj           ###.         2%          1    None
b - Blink                 Tloc           N/A          6%          2    None
c - Slow                  Hex            #.......     10%         2    None


Dungeon Overview and Level Annotations

Branches:
Dungeon (3/15)

Altars:
Cheibriados
Nemelex Xobeh


Message History

Press: ? - help, Shift-Dir - straight line, f/p - centaur
Aim: a centaur, wielding a shortbow (lightly wounded, chance to defeat MR: 41%)
The centaur resists with some effort.
The centaur shoots an arrow.
The arrow closely misses you.
Casting: Slow (safe; 10% risk of failure)
Confirm with . or Enter, or press ? or * to list all spells.
Aiming: Slow (safe; 10% risk of failure)
Press: ? - help, Shift-Dir - straight line, f/p - centaur
Aim: a centaur, wielding a shortbow (lightly wounded, chance to defeat MR: 41%)
The centaur resists with some effort.
The centaur shoots an arrow.
The arrow hits you!
* * * LOW HITPOINT WARNING * * *
Casting: Slow (safe; 10% risk of failure)
Confirm with . or Enter, or press ? or * to list all spells.
Aiming: Slow (safe; 10% risk of failure)
Press: ? - help, Shift-Dir - straight line, f/p - centaur
Aim: a centaur, wielding a shortbow (lightly wounded, chance to defeat MR: 41%)
The centaur seems to slow down.
The centaur shoots an arrow.
The arrow hits you!
You die...

#### #... ########
#...
######......######.#.
#.c.@..####..........
#.###### #######..#.
..> ##... #.##. #...
# #c ####. #. #....
## #.... #..#. #..#.


You could see a centaur.

Vanquished Creatures
  5 adders
  3 dart slugs
  A leopard gecko (D:2)
  5 bats
  5 giant cockroaches
  3 goblins
  5 hobgoblins
  A jackal (D:2)
  4 kobolds
  8 frilled lizards
  8 rats
48 creatures vanquished.

Notes
Turn   | Place    | Note
-------+----------+-------------------------------------------
     0 | D:1      | Minion the Deep Elf Wizard began the quest for the Orb.
     0 | D:1      | Reached XP level 1. HP: 10/10 MP: 7/7
   122 | D:1      | Reached XP level 2. HP: 15/15 MP: 2/9
   330 | D:1      | Found a snail-covered altar of Cheibriados.
   337 | D:1      | Became a worshipper of Cheibriados the Contemplative
   768 | D:2      | Reached skill level 5 in Spellcasting
   768 | D:2      | Reached XP level 3. HP: 19/19 MP: 5/11
   894 | D:2      | Reached * piety under Cheibriados
   894 | D:2      | Reached skill level 1 in Invocations
   922 | D:2      | Reached skill level 1 in Short Blades
  1144 | D:2      | Learned a level 2 spell: Blink
  1147 | D:2      | Learned a level 2 spell: Slow
  1612 | D:2      | Reached XP level 4. HP: 18/24 MP: 13/13
  1725 | D:2      | Found a sparkling altar of Nemelex Xobeh.
  1993 | D:3      | Reached ** piety under Cheibriados
  2079 | D:3      | Noticed a centaur
  2086 | D:3      | Shot with an arrow by a centaur

Vault maps used:
D:1:      dpeg_arrival_shelter, cheibriados_altar_1
D:2:      kennysheep_six_static_rooms, lemuel_round_altar,
          hangedman_decor_growths
D:3:      serial_glass, glass_columns_a, glass_columns_a

Skill      XL: |  1  2  3 |
---------------+----------+-----
Conjurations   | 2 |  2.5
Spellcasting   | 5 |  5.3
Invocations    | 1 |  1.4
Short Blades   | 1 |  1.4
Dodging        | 3 |  3.1
Stealth        | |  2.4
Summonings     | |  1.1
Translocations | |  1.1

Action                   |  1- 3 |  4- 6 || total
-------------------------+-------+-------++-------
 Cast: Magic Dart        |    80 |    24 ||   104
       Slow              |       |     3 ||     3
  Use: Scroll            |     5 |     2 ||     7
  Eat: Chunk             |     1 |     1 ||     2
Armor: Robe              |     2 |     3 ||     5
Dodge: Dodged            |     9 |     5 ||    14

Table legend:
 A = Spawn XP
 B = Non-spawn XP
 C = Spawn XP percentage of total XP
 D = Spawn monster count
 E = Non-spawn monster count
 F = Spawn count percentage of total count
 G = Total turns spent on level
                    A         B        C        D         E        F      G
               +---------+---------+-------+---------+---------+-------+---------
         Total |       0 |     140 |   0.0 |       0 |      48 |   0.0 |  2086
               +---------+---------+-------+---------+---------+-------+---------
           D:1 |       0 |      29 |   0.0 |       0 |      18 |   0.0 |   764
           D:2 |       0 |      82 |   0.0 |       0 |      21 |   0.0 |  1000
           D:3 |       0 |      29 |   0.0 |       0 |       9 |   0.0 |   322
               +---------+---------+-------+---------+---------+-------+---------
